 Dungeon Sprint DCSS version 0.31-a0-43-g46d131a48f (webtiles) character file.

Game seed: 12987641117597643991

13840 sircluck the Wrestler (level 11, -11/124 HPs)
             Began as a Troll Berserker on May 19, 2023.
             Was a High Priest of Trog.
             Killed from afar by a storm dragon (30 damage)
             ... with a bolt of lightning
             ... in the Dungeon (Sprint II: "The Violet Keep of Menkaure").
             The game lasted 00:05:30 (1035 turns).

sircluck the Wrestler (Troll Berserker)             Turns: 1035, Time: 00:05:30

Health: -11/124    AC:  7    Str: 31    XL:     11   Next: 80%
Magic:  8/8        EV: 13    Int:  3    God:    Trog [*****.]
Gold:   372        SH:  0    Dex:  9    Spells: 10/10 levels left

rFire   + .          .
                       - Unarmed
rCold   . . .        (no shield)
rNeg    . . .        a - +0 animal skin
rPois   +            (helmet restricted)
rElec   .            (no cloak)
rCorr   +            (gloves unavailable)
SInv    +            (boots unavailable)
Will    .....        (no amulet)
Stlth   +            c - ring of the Vendetta {rPois rF+ AC+4}
HPRegen 1.20/turn    h - ring "Viyqel" {rCorr SInv}
MPRegen 0.11/turn

%: no teleportation
@: unable to read
A: large, unfitting armour, claws 3, regeneration 1, shaggy fur 1, tough skin 1,
deformed body, low MP 1, inability to read after injury 2
a: Renounce Religion, Berserk, Trog's Hand, Brothers in Arms


You were in the Dungeon.
You worshipped Trog.
Trog was extremely pleased with you.
You visited 1 branch You collected 1471 gold pieces.
You spent 1099 gold pieces at shops.

Inventory:

Armour
 a - a +0 animal skin (worn)
Jewellery
 c - the ring of the Vendetta (left claw) {rPois rF+ AC+4}
   (You bought it in a shop in the Dungeon)

   [ring of protection]

   AC:        It affects your AC (+4).
   rF:        It protects you from fire.
   rPois:     It protects you from poison.
 h - the ring "Viyqel" (right claw) {rCorr SInv}
   (You bought it in a shop in the Dungeon)

   [ring of resist corrosion]

   SInv:      It lets you see invisible.
   rCorr:     It protects you from acid and corrosion.
Scrolls
 g - a scroll of blinking
 j - a scroll of identify {unknown}
 k - a scroll of fear {unknown}
Potions
 d - a potion of haste
 e - 2 potions of magic
 f - a potion of berserk rage
 i - 3 potions of flight {unknown}


   Skills:
 + Level 12.3 Fighting
 + Level 13.4 Dodging
 + Level 1.2 Stealth
 + Level 21.3 Unarmed Combat


You had 10 spell levels left.
You didn't know any spells.
Your spell library was empty.

Dungeon Overview and Level Annotations

Branches:
Dungeon (1/1)

Altars:

Shops:
D [*:[!:??:?==!!!*((![!(=::[=

Annotations:
D exclusion: oklob plant


Innate Abilities, Weirdness & Mutations

You are too large for most types of armour.
You have claws for hands.
Your natural rate of healing is unusually fast.
You are covered in fur. (AC +1)
You have tough skin. (AC +1)
Armour fits poorly on your strangely shaped body.
Your magical capacity is low. (-10% MP)
You sometimes lose the ability to read scrolls when taking damage.


Message History

The bone dragon is heavily damaged.
The bone dragon bites your iron troll but does no damage.
The bone dragon barely misses your iron troll.
The bone dragon tramples your iron troll.
Your iron troll holds its ground!
You scratch the bone dragon but do no damage.
The bone dragon is heavily damaged.
Your iron troll bites the bone dragon!
Your iron troll claws the bone dragon!! x2
You eviscerate the bone dragon!!!
You destroy the bone dragon!
Trog accepts your kill.
Your iron troll bites the golden dragon!
Your iron troll closely misses the golden dragon.
Your iron troll claws the golden dragon!
Your Unarmed Combat skill increases to level 20!
You claw the golden dragon!
The golden dragon is moderately wounded.
The golden dragon breathes cold at you. The bolt of cold hits you!!!
* * * LOW HITPOINT WARNING * * *
Unknown command.
You feel better.
Your iron troll bites the golden dragon!!
Your iron troll claws the golden dragon!! x2
The golden dragon dies!
Trog accepts your kill.
Your Stealth skill increases to level 1!
Your Unarmed Combat skill increases to level 21!
You claw the deep elf high priest!
The deep elf high priest is moderately wounded.
Your iron troll bites the deep elf high priest!!
Your iron troll claws the deep elf high priest!!
The deep elf high priest dies!
Trog accepts your kill. Trog grants you a weapon!
Something appears at your feet!
You see here a +1 war axe of flaming.
The storm dragon breathes lightning at you.
The bolt of lightning hits your iron troll!!
The bolt of lightning hits you!!
You die...

** ###########***********
*,
#......÷..#∩∩∩,∩+,+,,***,
#.)....#..####***,****,,,
#'######@##..####+####,,,
#∩∩∩∩∩∩#.)÷.##≈≈§§≈§≈##⌠,
#∩∩∩∩∩∩#)T###≈≈SS≈§°§≈##,
#########D.+≈≈≈§≈≈§§≈≈§#*
*,..##.D.####§≈≈≈§§§≈≈**~
*$..C.e2T..~##§≈≈§S§~**,~
############~~#+++#+++##**
###########~~~.........#,,
##....∩.∩.#~~~~.##'##..#,,


You could see a storm dragon (catching breath, ally target) and a friendly iron
troll (summoned, berserk).

Vanquished Creatures
  A bone dragon (D)
  Kirke (D)
  A yaktaur captain (D)
  A great orb of eyes (D)
  A centaur warrior (D)
  2 boulder beetles (D)
  2 hell hogs (D)
  A skeletal warrior (D)
  3 shining eyes (D)
  An elephant (D)
  A merfolk siren (D)
  A kobold demonologist (D)
  2 wyverns (D)
  4 neqoxecs (D)
  Menkaure (D)
  A necrophage (D)
  An iron imp (D)
  A hell rat (D)
26 creatures vanquished.

Vanquished Creatures (collateral kills)
  A golden dragon (D)
  A deep elf high priest (D)
  An ice dragon (D)
  3 wyverns (D)
6 creatures vanquished.

Vanquished Creatures (others)
  A water moccasin (D)
1 creature vanquished.

Grand Total: 33 creatures vanquished

Notes
Turn   | Place    | Note
-------+----------+-------------------------------------------
     0 | D        | sircluck the Troll Berserker began the quest for the Orb.
     0 | D        | Reached XP level 1. HP: 22/22 MP: 0/0
     1 | D        | Noticed a merfolk siren
    17 | D        | Killed a merfolk siren
    18 | D        | Reached skill level 8 in Unarmed Combat
    18 | D        | Reached XP level 2. HP: 9/37 MP: 1/1
    18 | D        | Reached XP level 3. HP: 11/45 MP: 2/2
    18 | D        | Reached XP level 4. HP: 13/53 MP: 3/3
    18 | D        | Reached XP level 5. HP: 16/61 MP: 4/4
    18 | D        | Reached XP level 6. HP: 17/68 MP: 5/5
    44 | D        | Noticed Menkaure
    49 | D        | Killed Menkaure
    49 | D        | Reached ** piety under Trog
    50 | D        | Reached skill level 9 in Unarmed Combat
    56 | D        | Found Sodghidwa's Antique Armour Shop.
    56 | D        | Found Acimited's Jewellery Boutique.
    57 | D        | Found Bosocaum's Jewellery Shop.
    57 | D        | Found Ykhlot's Book Shop.
    58 | D        | Found Bilogu's Weapon Boutique.
    58 | D        | Found Diaddoo's Antique Weapon Shop.
    58 | D        | Found Nuubroc's Distillery.
    58 | D        | Found Faarouv's Antique Armour Shop.
    59 | D        | Found Dowudeih's Jewellery Boutique.
    59 | D        | Found Tymur's Distillery.
    59 | D        | Found Semoucae's Distillery.
    60 | D        | Found Zuesm's Magic Scroll Boutique.
    60 | D        | Found Dusu's Book Shop.
    61 | D        | Found Beschial's Book Boutique.
    64 | D        | Noticed a manticore
    69 | D        | Noticed a manticore
    69 | D        | Noticed a manticore
    69 | D        | Noticed an oklob plant
    70 | D        | Found Effuisip's Book Shoppe.
    77 | D        | Noticed a death yak
    78 | D        | Noticed a flying skull
    78 | D        | Noticed a flying skull
    78 | D        | Noticed a flying skull
    80 | D        | Noticed a flying skull
    87 | D        | Killed a water moccasin
    97 | D        | Noticed a neqoxec
    98 | D        | Noticed a neqoxec
   108 | D        | Killed a neqoxec
   109 | D        | Reached XP level 7. HP: 70/79 MP: 6/6
   119 | D        | Gained mutation: Armour fits poorly on your strangely
                  | shaped body. [a neqoxec]
   120 | D        | Killed a neqoxec
   121 | D        | Reached skill level 10 in Unarmed Combat
   122 | D        | Noticed a neqoxec
   125 | D        | Killed a neqoxec
   125 | D        | Reached *** piety under Trog
   131 | D        | Noticed a wyvern
   132 | D        | Noticed a neqoxec
   133 | D        | Gained mutation: You occasionally lose the ability to read
                  | scrolls when taking damage. [a neqoxec]
   134 | D        | Gained mutation: You sometimes lose the ability to read
                  | scrolls when taking damage. [a neqoxec]
   136 | D        | Killed a wyvern
   142 | D        | Killed a neqoxec
   143 | D        | Reached skill level 11 in Unarmed Combat
   143 | D        | Reached XP level 8. HP: 78/89 MP: 7/7
   146 | D        | Reached **** piety under Trog
   174 | D        | Noticed a boulder beetle
   174 | D        | Noticed a boulder beetle
   180 | D        | Killed a boulder beetle
   181 | D        | Reached skill level 10 in Dodging
   181 | D        | Reached skill level 12 in Unarmed Combat
   184 | D        | Killed a boulder beetle
   185 | D        | Reached skill level 10 in Fighting
   185 | D        | Reached skill level 13 in Unarmed Combat
   185 | D        | Reached XP level 9. HP: 101/101 MP: 8/8
   208 | D        | Noticed Kirke
   208 | D        | Noticed a skeletal warrior
   208 | D        | Noticed a yaktaur captain
   210 | D        | HP: 4/101 [yaktaur captain/bolt (50)]
   229 | D        | Killed a yaktaur captain
   230 | D        | Reached skill level 14 in Unarmed Combat
   238 | D        | Killed a skeletal warrior
   312 | D        | Noticed a centaur warrior
   318 | D        | Killed a centaur warrior
   318 | D        | Reached ***** piety under Trog
   319 | D        | Reached skill level 15 in Unarmed Combat
   319 | D        | Reached XP level 10. HP: 73/111 MP: 9/9
   329 | D        | Noticed a hell hog
   336 | D        | Killed Kirke
   337 | D        | Reached skill level 16 in Unarmed Combat
   338 | D        | Noticed a hell hog
   340 | D        | Killed a hell hog
   352 | D        | Noticed a rust devil
   354 | D        | Noticed a sixfirhy
   356 | D        | HP: 5/114 [sixfirhy[a kobold demonologist] (10)]
   359 | D        | Noticed an elephant
   470 | D        | Killed a hell hog
   471 | D        | Reached skill level 17 in Unarmed Combat
   528 | D        | Killed an elephant
   553 | D        | Bought the ring of the Vendetta {rPois rF+ AC+4} for 650
                  | gold pieces
   553 | D        | Bought the ring "Viyqel" {rCorr SInv} for 374 gold pieces
   624 | D        | Received a gift from Trog
   670 | D        | Noticed a shining eye
   670 | D        | Noticed a shining eye
   670 | D        | Noticed a shining eye
   672 | D        | Killed a shining eye
   677 | D        | Killed a shining eye
   678 | D        | Reached skill level 18 in Unarmed Combat
   678 | D        | Reached XP level 11. HP: 123/123 MP: 10/10
   680 | D        | Killed a shining eye
   680 | D        | Reached ****** piety under Trog
   714 | D        | Bought a scroll of magic mapping for 75 gold pieces
   748 | D        | Noticed a great orb of eyes
   748 | D        | Noticed an ice dragon
   761 | D        | Killed an ice dragon
   765 | D        | Killed a great orb of eyes
   766 | D        | Reached skill level 19 in Unarmed Combat
   785 | D        | Found Kefusm's Antique Armour Emporium.
   785 | D        | Found Esko's Antique Armour Shop.
   785 | D        | Found March's General Store.
   785 | D        | Found Yhuim's Distillery.
   785 | D        | Found Verrenn's Magic Scroll Boutique.
   786 | D        | Found Bayv Wese's Book Shoppe.
   786 | D        | Found Forijint's Magic Scroll Boutique.
   786 | D        | Found Qulog's Distillery.
   786 | D        | Found Nas Vedd's Distillery.
   786 | D        | Found Vuck's Jewellery Emporium.
   786 | D        | Found Kasurgh Ithra's Assorted Antiques.
   786 | D        | Found Zyoss's Antique Weapon Shoppe.
  1017 | D        | Noticed a cacodemon
  1017 | D        | Noticed a bone dragon
  1018 | D        | Noticed a deep elf high priest
  1018 | D        | Noticed a golden dragon
  1019 | D        | Noticed a frost giant
  1019 | D        | Noticed a storm dragon
  1021 | D        | Gained mutation: Your magical capacity is low. (-10% MP) [a
                  | cacodemon]
  1030 | D        | Killed a bone dragon
  1031 | D        | Reached skill level 20 in Unarmed Combat
  1032 | D        | Killed a golden dragon
  1033 | D        | Reached skill level 1 in Stealth
  1033 | D        | Reached skill level 21 in Unarmed Combat
  1033 | D        | Killed a deep elf high priest
  1033 | D        | Received a gift from Trog
  1035 | D        | Killed from afar by a storm dragon

Illustrated notes

Levels and vault maps discovered:
D:        the_violet_keep_of_menkaure [sprint2_stairs_cluster_1,
          sprint2_shoproom, sprint2_temple, sprint2_basic_supplies,
          sprint2_obstacle_7, sprint2_obstacle_3, sprint2_obstacle_5,
          sprint2_obstacle_1, sprint2_obstacle_4, sprint2_timed_cluster_1,
          sprint2_smallroom_cluster_1, sprint2_smallroom_final_cluster_1,
          sprint2_transparent_cluster_1, sprint2_second_timed_cluster_1,
          sprint2_sniper_area_1, sprint2_heavy_combat_area_1,
          sprint2_mutation_trap_area_1, sprint2_forest_area_1,
          sprint2_light_combat_area_1, sprint2_behind_water_1,
          sprint2_near_end_vault_1]

Skill      XL: |  1  2  3  4  5  6  7  8  9 10 11 |
---------------+----------------------------------+-----
Fighting       | 6 7 8 10 11 12 | 12.3
Dodging        | 6 7 9 10 11 12 13 | 13.4
Unarmed Combat | 8 9 11 13 15 18 21 | 21.3
Stealth        | 1 |  1.2

Action                     |  1- 3 |  4- 6 |  7- 9 | 10-12 || total
---------------------------+-------+-------+-------+-------++-------
  Melee: Unarmed           |    13 |    13 |    47 |    49 ||   122
         Punch             |     1 |       |     4 |     6 ||    11
 Invoke: Berserk           |     1 |       |     1 |       ||     2
         Brothers in Arms  |       |       |       |     3 ||     3
    Use: Potion            |       |       |     1 |     1 ||     2
         Scroll            |       |       |       |     1 ||     1
 Armour: Animal skin       |       |       |     5 |     4 ||     9
  Dodge: Dodged            |     3 |     4 |    13 |    17 ||    37

Table legend: (Time is in decaauts)
 A = Elapsed time spent in this place.
 B = Non-inter-level travel time spent in this place.
 C = Inter-level travel time spent in this place.
 D = Time resting spent in this place.
 E = Time spent auto-exploring this place.
 F = Levels seen in this place.
 G = Mean time per level.
                   A        B        C        D        E       F      G
               +--------+--------+--------+--------+--------+-----+--------+
         Total |   1020 |   1002 |     18 |    417 |     71 |   1 | 1020.0 |
       Dungeon |   1020 |   1002 |     18 |    417 |     71 |   1 | 1020.0 |
               +--------+--------+--------+--------+--------+-----+--------+

Top non-repeatable levels by time:
       D: 1020 daAuts
